 Dungeon Crawl Stone Soup version 0.20.1-1-g8b1a95d (webtiles) character file.

8968 Mamutox the Cruncher (level 11, -3/95 HPs)
             Began as a Minotaur Monk on Oct 27, 2017.
             Was a High Priest of Okawaru.
             Slain by an orc warrior
             ... wielding a +0 hand axe
              (26 damage)
             ... in a bailey.
             The game lasted 01:36:19 (10495 turns).

Mamutox the Cruncher (Minotaur Monk)               Turns: 10495, Time: 01:36:19

Health: -3/95      AC:  9    Str: 18    XL:     11   Next: 16%
Magic:  0/19       EV: 18    Int:  7    God:    Okawaru [*****.]
Gold:   390        SH:  0    Dex: 14    Spells: 9/10 levels left

rFire    . . .     SeeInvis +   B - +4 quarterstaff (chaos)
rCold    . . .     Gourm    .   (shield currently unavailable)
rNeg     . . .     Faith    .   m - +0 ring mail
rPois    +         Spirit   +   (helmet restricted)
rElec    .         Reflect  .   k - +0 cloak
rCorr    .         Harm     .   (no gloves)
MR       .....                  (no boots)
Stlth    ++++......             U - amulet of guardian spirit
Regen    0.7/turn               M - ring of flight
MPRegen  0.2/turn               D - ring of magical power

@: heroism
A: retaliatory headbutt, claws 1, horns 2, talons 1, see invisible, poison
resistance, regeneration 1, screaming 1
a: Heroism, Finesse, Renounce Religion, Evoke Flight


You were in a bailey.
You worshipped Okawaru.
Okawaru was extremely pleased with you.
You were not hungry.

You visited 1 branch of the dungeon, and saw 11 of its levels.
You also visited: Bailey.

You collected 390 gold pieces.

Inventory:

Hand Weapons
 a - a +0 mace
 B - a +4 quarterstaff of chaos (weapon)
 O - a +0 dire flail
 Q - a +2 whip of flaming
 V - a +3 hunting sling of flaming
Missiles
 e - 12 tomahawks (quivered)
Armour
 b - a +0 robe
 f - a +0 scale mail
 k - a +0 cloak (worn)
 m - a +0 ring mail (worn)
 y - a +0 buckler
Jewellery
 p - an uncursed ring of wizardry
 r - an uncursed ring of protection from fire
 D - a ring of magical power (right claw)
 M - a ring of flight (left claw)
 U - an amulet of guardian spirit (around neck)
Wands
 F - a wand of iceblast (8/15)
 N - a wand of confusion (31/48)
 P - a wand of disintegration (0/24)
 W - a wand of paralysis (15/24)
Scrolls
 d - 5 scrolls of identify
 h - 2 scrolls of remove curse
 j - a scroll of immolation {unknown}
 l - a scroll of teleportation {unknown}
 t - a scroll of amnesia
 w - a scroll of acquirement {unknown}
 E - 3 scrolls of enchant armour
 J - a scroll of random uselessness {unknown}
 T - 3 scrolls of fog {unknown}
 X - a scroll of torment {unknown}
Potions
 g - 2 potions of brilliance
 i - 4 potions of curing
 o - a potion of mutation
 s - 2 potions of haste
 v - a potion of invisibility
 z - 2 potions of lignification {unknown}
 A - a potion of agility {unknown}
 H - 2 potions of ambrosia {unknown}
 I - 2 potions of heal wounds
 K - a potion of flight {unknown}
 L - a potion of degeneration {unknown}
Books
 x - a book of Dreams

   Spells                             Type                      Level
   a - Ensorcelled Hibernation        Hexes/Ice                    2
   b - Silence                        Hexes/Air                    5
   c - Darkness                       Hexes                        6
   d - Shadow Creatures               Summoning                    6
 C - a book of Cantrips

   Spells                             Type                      Level
   a - Confusing Touch                Hexes                        1
   b - Animate Skeleton               Necromancy                   1
   c - Summon Small Mammal            Summoning                    1
   d - Apportation                    Translocation                1
 S - a Young Poisoner's Handbook

   Spells                             Type                      Level
   a - Sting                          Conjuration/Poison           1
   b - Poisonous Vapours              Poison/Air                   2
   c - Mephitic Cloud                 Conjuration/Poison/Air       3
   d - Olgreb's Toxic Radiance        Poison                       4
   e - Venom Bolt                     Conjuration/Poison           5
 Z - a book of Geomancy

   Spells                             Type                      Level
   a - Sandblast                      Earth                        1
   b - Passwall                       Transmutation/Earth          2
   c - Stone Arrow                    Conjuration/Earth            3
   d - Petrify                        Transmutation/Earth          4
   e - Lee's Rapid Deconstruction     Earth                        5
Miscellaneous
 R - a fan of gales
Comestibles
 c - 4 bread rations
 q - 5 meat rations
 u - 5 royal jellies
 G - 9 fruits


   Skills:
 + Level 8.9(13.9) Fighting
 + Level 7.9(15.8) Maces & Flails
 + Level 11.6(17.5) Staves
 + Level 4.6(9.6) Throwing
 + Level 7.9(12.9) Armour
 + Level 6.6(11.6) Dodging
 + Level 4.9(9.9) Stealth
 + Level 0.2 Spellcasting
 - Level 0.2 Summonings
 - Level 0.6 Invocations
 + Level 0.6 Evocations


You had 9 spell levels left.
You knew the following spells:

 Your Spells              Type           Power        Failure   Level  Hunger
a - Summon Small Mammal   Summ           #...         54%         1    ##.....


Dungeon Overview and Level Annotations

Branches:
Dungeon (11/15)            Temple (0/1) D:6
   Lair: D:8-11         Orc: D:9-12

Altars:
Ashenzari
Dithmenos
Elyvilon
Fedhas
Okawaru
Qazlal
Zin

Shops:
D:4 *   D:5 }(((

Annotations:
D:10 Snorg


Innate Abilities, Weirdness & Mutations

You reflexively headbutt those who attack you in melee.
You have a pair of horns on your head.
You have sharp fingernails.
You have sharp toenails.
You have supernaturally acute eyesight. (SInv)
Your system is resistant to poisons. (rPois)
Your natural rate of healing is unusually fast.
You occasionally shout uncontrollably at your foes.


Message History

You kill the goblin!
The kobold throws a tomahawk of returning.
The tomahawk of returning hits you.
The weapon returns to the kobold!
Throwing (i - inventory):
e - 12 tomahawks (quivered)
Press: ? - help, Shift-Dir - straight line, f/p - orc warrior
Aim: an orc warrior, wielding a hand axe and wearing a ring mail (unusually strong)
Okay, then.
You gain the combat prowess of a mighty hero.
A goblin comes into view. It is wielding a war axe.
The orc warrior hits you with a hand axe!!
* * * LOW HITPOINT WARNING * * *
The orc warrior hits your orc knight zombie with a hand axe!
A goblin comes into view. It is wielding a hand axe.
There is a gate leading back out of this place, spattered with blood here.
You see here a tomahawk of returning.
You closely miss the orc warrior.
You claw the orc warrior, but do no damage.
Your orc knight zombie closely misses the orc warrior.
The orc warrior hits you with a hand axe!!
You die...

▓▓▓▓▓ ▓.∩.▓
▓.).▓ ▓.@Z▓
######o######
#((.(≈(≈K..^#
#(###≈g≈###+#
#((..≈g≈K...#
#(###≈.≈###+#
#((..≈g≈K...
#'###≈.≈###+
#.. .≈.≈K.


You could see an orc warrior, 3 goblins, 2 kobolds and a friendly orc knight
zombie.

Vanquished Creatures
  A two-headed ogre (D:9)
  The ghost of Irenicus the Cleaver, a novice DDMo of Makhleb (Bailey)
  Pikel (D:8)
  An orc knight (Bailey)
  A yaktaur (shapeshifter) (D:10)
  3 hornets
  A hippogriff (D:11)
  Sigmund (D:6)
  3 yaks (D:10)
  4 hogs (D:8)
  A human (D:8)
  A hungry ghost (D:7)
  Duvessa (D:6)
  4 orc warriors
  3 ice beasts
  4 slaves (D:8)
  The ghost of tailblues the Scratcher, an amateur FeTm (D:4)
  4 sky beasts
  2 phantoms
  2 necrophages
  2 ogres
  2 centaurs
  A crocodile (D:9)
  2 big kobolds (D:9)
  3 bullfrogs
  Dowan (D:6)
  3 killer bees (D:7)
  4 wights (D:9)
  2 howler monkeys
  5 crimson imps
  A bullfrog zombie (D:6)
  2 gnoll shamans
  3 jellies
  Crazy Yiuf (D:4)
  4 hounds
  14 orc wizards
  2 centaur zombies
  7 orc priests
  2 bullfrog skeletons
  Terence (D:3)
  3 iguanas
  3 worker ants
  A human simulacrum (D:11)
  A hound zombie (D:5)
  A hound skeleton (D:7)
  Robin (D:3)
  14 gnolls
  5 adders
  3 shadow imps
  3 adder skeletons
  An adder zombie (D:5)
  2 worms (D:3)
  A dart slug (D:5)
  2 leopard geckos
  29 orcs
  4 bats
  3 giant cockroaches
  6 hobgoblins
  17 jackals
  2 quokkas
  3 frilled lizards
  21 goblins
  21 kobolds
  A quokka skeleton (D:7)
  11 rats
261 creatures vanquished.

Vanquished Creatures (others)
  A human simulacrum (D:11)
  5 toadstools (D:1)
6 creatures vanquished.

Grand Total: 267 creatures vanquished

Notes
Turn   | Place    | Note
-------+----------+-------------------------------------------
     0 | D:1      | Mamutox the Minotaur Monk began the quest for the Orb.
     0 | D:1      | Reached XP level 1. HP: 19/19 MP: 0/0
   189 | D:1      | Reached XP level 2. HP: 27/27 MP: 1/1
   863 | D:2      | Reached XP level 3. HP: 32/33 MP: 2/2
  1318 | D:4      | Noticed tailblues's ghost (amateur FeTm)
  1586 | D:3      | Found a stormy altar of Qazlal.
  1706 | D:3      | Noticed Terence
  1748 | D:2      | Reached skill level 5 in Maces & Flails
  1748 | D:2      | Reached skill level 1 in Armour
  1748 | D:2      | Reached XP level 4. HP: 13/40 MP: 3/3
  2074 | D:3      | Noticed Robin
  2108 | D:3      | Killed Robin
  2504 | D:3      | Killed Terence
  2504 | D:3      | Reached skill level 1 in Throwing
  2504 | D:3      | Reached XP level 5. HP: 34/47 MP: 4/4
  2540 | D:3      | Found an iron altar of Okawaru.
  2548 | D:3      | Became a worshipper of Warmaster Okawaru
  2548 | D:3      | Reached * piety under Okawaru
  2548 | D:3      | Reached ** piety under Okawaru
  2769 | D:4      | Killed tailblues's ghost
  2772 | D:4      | Found Zapun's Assorted Antiques.
  2829 | D:4      | Reached XP level 6. HP: 21/53 MP: 5/5
  3363 | D:4      | Found a runed door.
  3367 | D:4      | Noticed Crazy Yiuf
  3373 | D:4      | Killed Crazy Yiuf
  3787 | D:4      | Found a blossoming altar of Fedhas.
  4013 | D:4      | Reached skill level 5 in Fighting
  4163 | D:5      | Entered Level 5 of the Dungeon
  4165 | D:5      | Found Qisoaruck's Gadget Shoppe.
  4165 | D:5      | Noticed a sky beast
  4193 | D:4      | Killed a sky beast
  4193 | D:4      | Reached XP level 7. HP: 19/61 MP: 3/6
  4420 | D:5      | Found Zaeps's Antique Weapon Boutique.
  4497 | D:5      | Reached *** piety under Okawaru
  4656 | D:5      | Reached skill level 5 in Armour
  4677 | D:5      | Found Xakheuw's Antique Weapon Shoppe.
  4692 | D:5      | Found Vuegruo's Antique Weapon Shoppe.
  4713 | D:5      | Found a white marble altar of Elyvilon.
  4819 | D:5      | Reached skill level 1 in Staves
  4832 | D:5      | Reached XP level 8. HP: 44/69 MP: 7/7
  5492 | D:6      | Reached skill level 2 in Staves
  5725 | D:6      | Reached skill level 3 in Staves
  5726 | D:6      | Noticed Sigmund
  5732 | D:6      | Killed Sigmund
  5732 | D:6      | Reached skill level 4 in Staves
  5782 | D:6      | Found a glowing silver altar of Zin.
  5878 | D:6      | Reached **** piety under Okawaru
  5878 | D:6      | Reached skill level 5 in Staves
  6092 | D:6      | Noticed Duvessa
  6092 | D:6      | Noticed Dowan
  6096 | D:6      | Killed Duvessa
  6100 | D:6      | Killed Dowan
  6100 | D:6      | Reached skill level 5 in Dodging
  6133 | D:6      | Found a staircase to the Ecumenical Temple.
  6230 | D:7      | Reached skill level 6 in Staves
  6230 | D:7      | Reached XP level 9. HP: 53/77 MP: 8/8
  6236 | D:7      | Gained mutation: Your system is resistant to poisons. (rPois) [mutagenic meat]
  6237 | D:7      | Gained mutation: You have large cloven feet. [mutagenic meat]
  6238 | D:7      | Gained mutation: Scrolls take you a little longer to read. [mutagenic meat]
  6239 | D:7      | Gained mutation: Scrolls take you longer to read. [mutagenic meat]
  6245 | D:7      | Found a shattered altar of Ashenzari.
  6658 | D:7      | Learned a level 1 spell: Summon Small Mammal
  6866 | D:7      | Paralysed by fainting for 5 turns
  7167 | D:7      | Reached skill level 7 in Staves
  7191 | D:7      | Lost mutation: Scrolls take you longer to read. [potion of mutation]
  7191 | D:7      | Lost mutation: Scrolls take you a little longer to read. [potion of mutation]
  7191 | D:7      | Lost mutation: You have large cloven feet. [potion of mutation]
  7191 | D:7      | Gained mutation: You are agile. (Dex +2) [potion of mutation]
  7191 | D:7      | Gained mutation: You have supernaturally acute eyesight. (SInv) [potion of mutation]
  7191 | D:7      | Gained mutation: You have sharp fingernails. [potion of mutation]
  7191 | D:7      | Gained mutation: Your natural rate of healing is unusually fast. [potion of mutation]
  7555 | D:8      | Found a shadowy altar of Dithmenos.
  7818 | D:8      | Noticed Pikel
  7865 | D:8      | Killed Pikel
  7865 | D:8      | Reached skill level 8 in Staves
  7951 | D:8      | Reached ***** piety under Okawaru
  7961 | D:8      | Reached skill level 9 in Staves
  7964 | D:8      | Reached XP level 10. HP: 41/86 MP: 9/9
  8248 | D:9      | Noticed a two-headed ogre
  8650 | D:9      | Lost mutation: You are agile. (Dex +2) [mutagenic meat]
  8651 | D:9      | Gained mutation: You occasionally shout uncontrollably at your foes. [mutagenic meat]
  8767 | D:9      | Killed a two-headed ogre
  8767 | D:9      | Reached skill level 10 in Staves
  9069 | D:9      | Received a gift from Okawaru
  9478 | D:10     | Entered Level 10 of the Dungeon
  9528 | D:10     | Noticed an orb spider
  9528 | D:10     | a yak changed into an orb spider
  9529 | D:10     | an orb spider changed into a shapeshifter
  9546 | D:10     | Reached skill level 11 in Staves
  9557 | D:10     | Gained mutation: Your flesh is cold resistant. (rC+) [mutagenic meat]
  9611 | D:10     | Noticed Snorg
  9650 | D:10     | Lost mutation: Your flesh is cold resistant. (rC+) [mutagenic meat]
  9651 | D:10     | Gained mutation: You have sharp toenails. [mutagenic meat]
 10310 | D:11     | Reached XP level 11. HP: 93/95 MP: 10/10
 10400 | D:11     | Found a flagged portal.
 10416 | Bailey   | Entered a bailey
 10424 | Bailey   | Noticed Irenicus's ghost (novice DDMo)
 10430 | Bailey   | Killed Irenicus's ghost
 10449 | Bailey   | Noticed an orc knight
 10484 | Bailey   | Killed an orc knight
 10484 | Bailey   | Received a gift from Okawaru
 10495 | Bailey   | Slain by an orc warrior

Skill      XL: |  1  2  3  4  5  6  7  8  9 10 |
---------------+-------------------------------+-----
Fighting       | 4 5 6 7 8 |  8.9
Maces & Flails | 4 5 6 7 |  7.9
Armour         | 1 2 4 5 6 7 |  7.9
Stealth        | 2 3 4 |  4.9
Throwing       | 1 2 3 4 |  4.6
Dodging        | 4 5 6 |  6.6
Staves         | 1 6 9 11 | 11.6
Spellcasting   | |  0.2
Summonings     | |  0.2
Invocations    | |  0.6
Evocations     | |  0.6

Action                   |  1- 3 |  4- 6 |  7- 9 | 10-12 || total
-------------------------+-------+-------+-------+-------++-------
Melee: Mace              |    84 |   139 |    52 |       ||   275
       Headbutt          |    16 |    23 |    50 |    55 ||   144
       Punch             |       |     1 |       |       ||     1
       Quarterstaff      |       |       |   227 |   207 ||   434
       Kick              |       |       |    11 |    24 ||    35
       Whip              |       |       |     5 |       ||     5
Throw: Stone             |    14 |     2 |       |       ||    16
       Tomahawk          |       |     1 |    36 |    32 ||    69
 Cast: Summon Small Mamm |       |       |     3 |       ||     3
Invok: Heroism           |       |     3 |     2 |     7 ||    12
       Finesse           |       |       |       |     1 ||     1
 Abil: Evoke Flight      |       |       |       |     1 ||     1
Evoke: Wand              |       |       |       |     3 ||     3
  Use: Scroll            |     1 |     8 |     4 |     5 ||    18
       Potion            |       |       |     1 |     7 ||     8
 Stab: Sleeping          |     1 |       |     1 |     3 ||     5
       Paralysed         |       |       |     3 |     1 ||     4
       Distracted        |       |       |     1 |       ||     1
  Eat: Chunk             |     2 |     6 |    21 |    10 ||    39
       Bread ration      |       |     1 |       |     1 ||     2
Armor: Robe              |    10 |       |       |       ||    10
       Ring mail         |    21 |    41 |    76 |    36 ||   174
Dodge: Dodged            |    78 |    82 |   157 |   130 ||   447
